 Dungeon Crawl Stone Soup version 0.19.5 (webtiles) character file.

227 Jerry the Insei (level 6, -6/38 HPs)
             Began as an Octopode Transmuter on Apr 19, 2017.
             Was an Initiate of Okawaru.
             Killed by divine providence
             ... invoked by an orc priest
              (13 damage)
             ... on level 4 of the Dungeon.
             The game lasted 00:07:54 (3326 turns).

Jerry the Insei (Octopode Transmuter)               Turns: 3326, Time: 00:07:55

Health: -6/38      AC:  1    Str: 10    XL:     6   Next: 2%
Magic:  10/10      EV: 17    Int: 16    God:    Okawaru [......]
Gold:   105        SH:  0    Dex: 13    Spells: 2 memorised, 8 levels left

rFire  . . .     SeeInvis .       - Unarmed
rCold  . . .     Gourm    .     (no shield)
rNeg   . . .     Faith    .     (helmet restricted)
rPois  .         Spirit   .     (no amulet)
rElec  .         Reflect  .     e - ring of protection from magic
rCorr  .         Harm     .     k - +4 ring of evasion
MR     +....                    (no ring)
Stlth  ++........               (no ring)
                                (no ring)
                                (no ring)
                                (no ring)
                                (no ring)

@: no status effects
A: almost no armour, stealthy swim, amphibious, 8 rings, constrict 8, camouflage
1, gelatinous body 1
a: Renounce Religion


You were on level 4 of the Dungeon.
You worshipped Okawaru.
Okawaru was noncommittal.
You were near starving.

You visited 2 branches of the dungeon, and saw 5 of its levels.

You collected 105 gold pieces.

Inventory:

Missiles
 a - 78 arrows
 d - 76 stones (quivered)
Jewellery
 e - a ring of protection from magic (left tentacle)
 k - a +4 ring of evasion (right tentacle)
 r - an uncursed ring of poison resistance {unknown}
Wands
 f - a wand of lightning (0/15)
Scrolls
 g - 2 scrolls of identify {unknown}
 h - 2 scrolls of teleportation {unknown}
 l - 2 scrolls of fog {unknown}
 n - a scroll of remove curse {unknown}
 q - a scroll of noise {unknown}
Potions
 i - a potion of agility {unknown}
 j - a potion of berserk rage
Books
 b - a book of Changes

   Spells                             Type                      Level
   a - Beastly Appendage              Transmutation                1
   b - Sticks to Snakes               Transmutation                2
   c - Spider Form                    Transmutation/Poison         3
   d - Ice Form                       Ice/Transmutation            4
   e - Blade Hands                    Transmutation                5
 s - a book of Maledictions

   Spells                             Type                      Level
   a - Corona                         Hexes                        1
   b - Ensorcelled Hibernation        Hexes/Ice                    2
   c - Confuse                        Hexes                        3
   d - Tukima's Dance                 Hexes                        3
   e - Dazzling Spray                 Conjuration/Hexes            3
Comestibles
 c - 3 bread rations
 o - a meat ration
 p - a slice of pizza


   Skills:
 - Level 1.0 Fighting
 - Level 2.0 Dodging
 * Level 5.1 Unarmed Combat
 + Level 3.1 Spellcasting
 + Level 3.4 Transmutations


You had 8 spell levels left.
You knew the following spells:

 Your Spells              Type           Power        Failure   Level  Hunger
a - Beastly Appendage     Tmut           ##....       6%          1    None
b - Sticks to Snakes      Tmut           ##......     10%         2    ##.....


Dungeon Overview and Level Annotations

Branches:
Dungeon (4/15)             Temple (1/1) D:4

Altars:
Dithmenos
Elyvilon
Fedhas
Gozag
Hepliaklqana
Kikubaaqudgha
Makhleb
Nemelex Xobeh
Okawaru
Qazlal
Ru
Sif Muna
Trog
Uskayaw
Vehumet
Zin


Innate Abilities, Weirdness & Mutations

You cannot wear most types of armour.
You are very stealthy in the water. (Stealth+)
You are amphibious.
You can wear up to eight rings at the same time.
You can use your tentacles to constrict eight enemies at once.
Your skin changes colour to match your surroundings (Stealth+).
Your rubbery body absorbs attacks. (AC +1, EV +1)


Message History

The stone hits the orc but does no damage.
An orc priest comes into view. It is wielding a club.
You tentacle-slap the orc. Your grab misses the orc.
The orc is heavily wounded.
The orc hits you with a club.
An orc comes into view. It is wielding a dagger.
You closely miss the orc. Your grab misses the orc.
You tentacle-slap the orc, but do no damage.
The orc is heavily wounded.
The orc priest mumbles some strange prayers to Beogh against you.
Beogh smites you!
* * * LOW HITPOINT WARNING * * *
The orc barely misses you.
You barely miss the orc. You grab the orc. You squeeze the orc.
You kill the orc!
Okawaru accepts your kill.
There is an open door here.
The orc priest invokes the aid of Beogh against you.
Beogh smites you!
You die...

#....................##
##...................##
##.#.................##
#####..#...............###
##.....###..(..........#..####
##......#
####+####...####.....
.##.......###.......#.###
#..... .........o..#.......###
###### ...(.(..().o'...@...#
## ...(......###.......# ###.
.....###### #.......###
#####... .....#
####'####.####....... ###...
#................. ##..
############...... ####
##..... ##.... #....


You could see an orc priest and an orc.

Vanquished Creatures
  A hound (D:4)
  Ijyb (D:3)
  A worker ant (D:4)
  5 adders
  4 worms
  A dart slug (D:1)
  4 leopard geckos
  4 orcs
  6 giant cockroaches
  12 goblins
  9 hobgoblins
  6 jackals
  4 kobolds
  3 quokkas
  3 bats
  5 frilled lizards
  A leopard gecko skeleton (D:4)
  13 rats
83 creatures vanquished.

Vanquished Creatures (others)
  An orc (D:3)
  A goblin (D:3)
  A rat (D:3)
3 creatures vanquished.

Grand Total: 86 creatures vanquished

Notes
Turn   | Place    | Note
-------+----------+-------------------------------------------
     0 | D:1      | Jerry the Octopode Transmuter began the quest for the Orb.
     0 | D:1      | Reached XP level 1. HP: 13/13 MP: 3/3
   164 | D:1      | Reached XP level 2. HP: 10/18 MP: 5/5
   561 | D:1      | Reached XP level 3. HP: 21/23 MP: 6/6
   847 | D:2      | Learned a level 2 spell: Sticks to Snakes
  1172 | D:2      | Found a shadowy altar of Dithmenos.
  1218 | D:2      | Reached skill level 4 in Unarmed Combat
  1218 | D:2      | Reached XP level 4. HP: 26/28 MP: 7/7
  1222 | D:2      | Found a sparkling altar of Nemelex Xobeh.
  1225 | D:2      | Found a hide-covered altar of Uskayaw.
  1305 | D:2      | Found a white marble altar of Elyvilon.
  1308 | D:2      | Found a radiant altar of Vehumet.
  1374 | D:2      | Found a faded altar of an unknown god.
  1781 | D:3      | Found a burning altar of Makhleb.
  1800 | D:3      | Noticed Ijyb
  2061 | D:3      | Killed Ijyb
  2061 | D:3      | Reached XP level 5. HP: 30/33 MP: 9/9
  2160 | D:3      | Found a stormy altar of Qazlal.
  2561 | D:4      | Found an opulent altar of Gozag.
  2682 | D:4      | Reached skill level 5 in Unarmed Combat
  2838 | D:4      | Found a staircase to the Ecumenical Temple.
  2846 | Temple   | Entered the Ecumenical Temple
  3089 | Temple   | Became a worshipper of Warmaster Okawaru
  3257 | D:4      | Reached XP level 6. HP: 13/38 MP: 10/10
  3326 | D:4      | Killed from afar by an orc priest

Skill      XL: |  1  2  3  4  5 |
---------------+----------------+-----
Unarmed Combat | 4 5 |  5.1
Transmutations | 3 |  3.4
Spellcasting   | 3 |  3.1
Fighting       | |  1.0
Dodging        | |  2.0

Action                   |  1- 3 |  4- 6 || total
-------------------------+-------+-------++-------
Melee: Unarmed           |    84 |   109 ||   193
       Constrict         |    23 |    30 ||    53
       Tentacles         |    13 |    15 ||    28
       Punch             |     2 |     3 ||     5
Throw: Stone             |     1 |     6 ||     7
  Use: Potion            |       |     2 ||     2
 Stab: Sleeping          |    10 |     2 ||    12
       Distracted        |       |     2 ||     2
  Eat: Chunk             |     1 |     5 ||     6
Armor: Skin              |     4 |       ||     4
Dodge: Dodged            |    49 |    76 ||   125
